 Dungeon Crawl Stone Soup version 0.18-a0-1418-ga86aa8f (webtiles) character file.

576 M4edhros the Insei (level 7, -2/43 HPs)
             Began as an Octopode Artificer on Feb 26, 2016.
             Was an Initiate of Gozag.
             Slain by a gnoll
             ... wielding a +0 spear
              (11 damage)
             ... on level 4 of the Dungeon.
             The game lasted 00:04:13 (3865 turns).

M4edhros the Insei (Octopode Artificer)             Turns: 3865, Time: 00:04:14

Health: -2/43      AC:  1    Str: 10    XL:     7   Next: 35%
Magic:  9/9        EV: 12    Int: 17    God:    Gozag
Gold:   527        SH:  0    Dex: 12    Spells: 0 memorised, 6 levels left

rFire  . . .     SeeInvis .       - Unarmed
rCold  . . .     Gourm    .     (no shield)
rNeg   . . .     Faith    .     (helmet restricted)
rPois  .         Spirit   .     e - amulet of harm
rElec  .         Dismiss  .     (no ring)
rCorr  .         Reflect  .     (no ring)
SustAt .         Harm     +     (no ring)
MR     .....                    (no ring)
Stlth  +++.......               (no ring)
                                (no ring)
                                (no ring)
                                (no ring)

@: gold aura, not resistant to hostile enchantments, fairly stealthy
A: almost no armour, amphibious, 8 rings, constrict 8, camouflage 1, gelatinous
body 1
a: Potion Petition, Call Merchant, Bribe Branch, Renounce Religion


You were on level 4 of the Dungeon.
You worshipped Gozag.
Gozag was noncommittal.
You were not hungry.

You visited 1 branch of the dungeon, and saw 4 of its levels.

You collected 537 gold pieces.
You paid 10 gold pieces to Gozag.

Inventory:

Missiles
 m - 3 throwing nets (quivered)
Jewellery
 e - an amulet of harm (around mantle)
Wands
 b - a wand of flame (6/48)
 c - a wand of enslavement (12/24)
 d - a wand of random effects (11/48)
Scrolls
 a - 2 scrolls of amnesia {unknown}
 h - a scroll of immolation {unknown}
 i - 3 scrolls of identify {unknown}
 l - 3 scrolls of remove curse {unknown}
 o - a scroll of teleportation {unknown}
 s - 3 scrolls of magic mapping {unknown}
 t - a scroll of enchant armour {unknown}
 u - 2 scrolls of fog {unknown}
Potions
 j - 2 potions of might
 k - a potion of degeneration {unknown}
 n - a potion of lignification {unknown}
 p - 2 potions of agility {unknown}
 r - 2 potions of heal wounds {unknown}
 v - a potion of ambrosia {unknown}
 w - a potion of mutation {unknown}
Comestibles
 f - 3 bread rations
 g - a meat ration


   Skills:
 - Level 1.0 Fighting
   Level 1.0 Short Blades
 - Level 2.0 Dodging
 - Level 1.3 Stealth
 + Level 7.5 Unarmed Combat
 - Level 3.2 Evocations


You had 6 spell levels left.
You didn't know any spells.

Dungeon Overview and Level Annotations

Branches:
Dungeon (4/15)
 Temple: D:4-7

Altars:
Gozag
The Shining One

Annotations:
D:3 Grinder


Innate Abilities, Weirdness & Mutations

You cannot wear most types of armour.
You are amphibious.
You can wear up to eight rings at the same time.
You can use your tentacles to constrict eight enemies at once.
Your skin changes colour to match your surroundings (Stealth).
Your rubbery body absorbs attacks (AC +1).


Message History

You kill the gnoll!
The gnoll hits you from afar with a spear.
A gnoll is nearby!
A gnoll comes into view. It is wielding a spear.
The gnoll shouts!
The gnoll hits you with a spear.
A gnoll comes into view. It is wielding a spear.
Things that are here:
7 gold pieces; a halberd You bludgeon the gnoll!
You grab the gnoll.
The gnoll is heavily wounded.
You constrict the gnoll. The gnoll hits you with a spear!
You tentacle-slap the gnoll.
The gnoll is severely wounded.
You constrict the gnoll, but do no damage.
The gnoll hits you from afar with a spear.
* * * LOW HITPOINT WARNING * * *
The gnoll hits you with a spear!
You die...
Your body crumbles into a pile of gold.

##.<##.# ##........# ##
...## ....####### #.
..... .#.......# #. #...#
.#######.# #g ##...# .#
##.## #. #....# # .#
#...# #g #...##.# .#
#...# #.##.#...# .# #.|.#
#g@....# ## #...#
####.#####
#######...#######......#
##.............##..###.#
.........)...............
##.............##.##.#.##
######.).#######......
#...# #..#.### #...# #..#
#


You could see 3 gnolls.

Vanquished Creatures
  A water moccasin (D:4)
  An ice beast (D:3)
  3 orc priests (D:4)
  A hound (D:4)
  2 orc wizards (D:4)
  An iguana (D:4)
  A worker ant (D:4)
  Robin (D:3)
  5 gnolls
  4 adders
  3 worms
  3 dart slugs
  4 giant geckos
  11 orcs
  A giant cockroach (D:3)
  9 goblins
  10 hobgoblins
  6 kobolds
  A quokka (D:3)
  3 ball pythons
  3 bats
  2 giant newts
  4 rats
80 creatures vanquished.

Vanquished Creatures (collateral kills)
  2 gnolls
2 creatures vanquished.

Vanquished Creatures (others)
  A gnoll (D:2)
1 creature vanquished.

Grand Total: 83 creatures vanquished

Notes
Turn   | Place    | Note
--------------------------------------------------------------
     0 | D:1      | M4edhros the Octopode Artificer began the quest for the Orb.
     0 | D:1      | Reached XP level 1. HP: 13/13 MP: 3/3
    30 | D:1      | Reached skill level 1 in Unarmed Combat
   152 | D:1      | Reached XP level 2. HP: 18/18 MP: 4/4
   426 | D:1      | Reached skill level 2 in Unarmed Combat
   974 | D:2      | Found an opulent altar of Gozag.
  1010 | D:2      | Became a worshipper of Gozag Ym Sagoz the Greedy
  1117 | D:2      | Reached XP level 3. HP: 23/23 MP: 5/5
  1130 | D:2      | Reached skill level 3 in Unarmed Combat
  1356 | D:2      | Reached XP level 4. HP: 24/28 MP: 6/6
  1424 | D:2      | Found a glowing golden altar of the Shining One.
  1629 | D:2      | Reached skill level 4 in Unarmed Combat
  1898 | D:3      | Noticed Robin
  2128 | D:3      | Killed Robin
  2128 | D:3      | Reached XP level 5. HP: 21/33 MP: 7/7
  2324 | D:3      | Noticed Grinder
  2328 | D:3      | Noticed Grinder
  2328 | D:3      | Grinder changed into Grinder the iron imp
  2423 | D:3      | Noticed an ice beast
  2431 | D:3      | Killed an ice beast
  2431 | D:3      | Reached skill level 5 in Unarmed Combat
  2431 | D:3      | Reached XP level 6. HP: 31/38 MP: 8/8
  2613 | D:4      | Reached skill level 6 in Unarmed Combat
  3420 | D:4      | Reached skill level 7 in Unarmed Combat
  3420 | D:4      | Reached XP level 7. HP: 26/43 MP: 9/9
  3865 | D:4      | Slain by a gnoll

Vault maps used:
D:1:      matt_arrival_grand_opening, minmay_statues_item, serial_park_tiny_pond
D:2:      lemuel_doored_altar, serial_bayou_ford_a, grunt_gozag_statues
D:3:      uniq_grinder, uniq_robin

Skill      XL: |  1  2  3  4  5  6 |
---------------+-------------------+-----
Unarmed Combat | 1 2 3 4 5 7 |  7.5
Fighting       | |  1.0
Short Blades   | |  1.0
Dodging        | |  2.0
Stealth        | |  1.3
Evocations     | |  3.2

Action                   |  1- 3 |  4- 6 |  7- 9 || total
-------------------------+-------+-------+-------++-------
Melee: Unarmed           |    50 |   137 |    17 ||   204
Evoke: Wand              |     5 |     9 |     2 ||    16
  Use: Potion            |       |     4 |       ||     4
 Stab: Sleeping          |     7 |     7 |     1 ||    15
  Eat: Meat ration       |       |     2 |       ||     2
